 Dungeon Crawl Stone Soup version 0.27.1-33-g824d729ab1 (webtiles) character file.

Game seed: 17271777471626338382

99 Destapler the Skirmisher (level 4, -41/52 HPs)
             Began as a Demonspawn Berserker on Dec 6, 2021.
             Was a Follower of Trog.
             Killed by an exploding hobgoblin (43 damage)
             ... ignited by their inner flame
             ... on level 2 of the Dungeon.
             The game lasted 00:05:13 (1803 turns).

Destapler the Skirmisher (Demonspawn Berserker)     Turns: 1803, Time: 00:05:14

Health: -41/52     AC: 22    Str: 18    XL:     4   Next: 45%
Magic:  4/4        EV:  2    Int:  9    God:    Trog [*.....]
Gold:   49         SH:  0    Dex: 12    Spells: 3/3 levels left

rFire    . . .     SeeInvis .   m - +0 dagger (distort)
rCold    . . .     Faith    .   (no shield)
rNeg     + + +     Spirit   .   (armour currently unavailable)
rPois    +         Reflect  .   (helmet currently unavailable)
rElec    .         Harm     .   (cloak currently unavailable)
rCorr    .         Rampage  .   (gloves currently unavailable)
Will     .....     NoTele   +   (boots currently unavailable)
Stlth    ++........             (no amulet)
HPRegen  0.17/turn              (no ring)
MPRegen  0.09/turn              (no ring)

@: mighty, tree-form, weak-willed
A: stationary, stasis, torment immunity, boosted hp, (claws 1), (thin metallic
scales 2)
a: Renounce Religion, Berserk


You were on level 2 of the Dungeon.
You worshipped Trog.
Trog was aware of your devotion.
You were a tree.
You visited 1 branch of the dungeon, and saw 2 of its levels.

You collected 49 gold pieces.

Inventory:

Hand Weapons
 a - a +0 short sword
 m - a +0 dagger of distortion (weapon)
Missiles
 e - 4 boomerangs of dispersal (quivered)
Armour
 b - a +0 animal skin (melded)
 d - a +0 cloak (melded)
Scrolls
 c - a scroll of vulnerability
Potions
 g - 2 potions of attraction


   Skills:
 + Level 3.4 Fighting
 + Level 3.1 Short Blades
 + Level 1.1 Throwing
 + Level 2.2 Armour
 + Level 2.3 Dodging
 + Level 1.3 Stealth
 + Level 1.1 Shields


You had 3 spell levels left.
You didn't know any spells.
Your spell library was empty.

Dungeon Overview and Level Annotations

Branches:
Dungeon (2/15)

Altars:

Annotations:
D:2 1 runed translucent door, Crazy Yiuf, Robin


Innate Abilities, Weirdness & Mutations

You are a tree.
Your roots penetrate the ground, keeping you stationary.
You cannot be teleported.
You are immune to unholy pain and torment.
Your maximum health is greatly increased.
Your equipment is partially melded.
((You have sharp fingernails.))
((You are mostly covered in thin metallic scales. (AC +3)))


Message History

The hobgoblin hits you but does no damage.
The hobgoblin hits you but does no damage.
The goblin hits you but does no damage.
The hobgoblin hits you but does no damage.
The endoplasm hits you but does no damage.
The hobgoblin hits you but does no damage.
The hobgoblin hits you but does no damage.
The goblin hits you but does no damage. The hobgoblin hits you.
The endoplasm freezes you.
You are frozen.
The hobgoblin hits you but does no damage.
The hobgoblin hits you but does no damage.
The goblin hits you but does no damage.
The hobgoblin hits you but does no damage.
The endoplasm hits you but does no damage.
The hobgoblin hits you but does no damage.
The hobgoblin hits you but does no damage.
The goblin hits you but does no damage. The hobgoblin hits you.
The endoplasm freezes you.
You are frozen.
The hobgoblin hits you but does no damage.
You puncture the endoplasm! Trog accepts your kill.
The endoplasm explodes!
The fiery explosion engulfs the hobgoblin!!
Trog accepts your kill.
The fiery explosion engulfs the hobgoblin!!!
Trog accepts your kill.
The fiery explosion engulfs the hobgoblin!!
Trog accepts your kill. The fiery explosion engulfs you!!
Ouch! That really hurt!
* * * LOW HITPOINT WARNING * * *
The hobgoblin explodes!
The fiery explosion engulfs the hobgoblin!!!
Trog accepts your kill.
The hobgoblin explodes!
The fiery explosion engulfs you!!!
Ouch! That really hurt!
You die... #.......# .......#'##### ..##.#g#.# #.# .g .g#.# #.# ## gg##.#### #.# ggg

#§§§.# #.#.# #...
#§§§§############## #.#.# #...
#§§§§#............. #.#.#
#.♣g§............# #.#.#
#....#.........#.# #.#.#
#..........#####.# #.#.#
####g##.##.#####.# #.#.#
.........#.....##
####.#.##############.####.......
..........).........#.# #.....##
..)).(.......<......#.# #†....#
......###############.####.†...#


You could see Robin and a goblin (inner flame, weak-willed).

Vanquished Creatures
  Natasha (thrice) (D:2)
  A worm (D:2)
  A bat (D:1)
  An endoplasm (D:2)
  A giant cockroach (D:2)
  4 goblins
  6 hobgoblins
  2 ball pythons (D:1)
  A frilled lizard (D:2)
  6 kobolds
  4 rats
30 creatures vanquished.

Notes
Turn   | Place    | Note
-------+----------+-------------------------------------------
     0 | D:1      | Destapler the Demonspawn Berserker began the quest for the
                  | Orb.
     0 | D:1      | Reached XP level 1. HP: 18/18 MP: 1/1
   629 | D:1      | Gained mutation: You have sharp fingernails. [demonic
                  | ancestry]
   629 | D:1      | Reached XP level 2. HP: 22/24 MP: 2/2
  1292 | D:2      | Found a runed translucent door.
  1293 | D:2      | Noticed Crazy Yiuf
  1359 | D:2      | Noticed Natasha
  1365 | D:2      | Killed Natasha
  1366 | D:2      | Gained mutation: You are partially covered in thin metallic
                  | scales. (AC +2) [demonic ancestry]
  1366 | D:2      | Reached XP level 3. HP: 23/29 MP: 3/3
  1383 | D:2      | Noticed Natasha
  1421 | D:2      | Killed Natasha
  1422 | D:2      | Reached skill level 1 in Stealth
  1422 | D:2      | Gained mutation: You are mostly covered in thin metallic
                  | scales. (AC +3) [demonic ancestry]
  1422 | D:2      | Reached XP level 4. HP: 32/35 MP: 4/4
  1447 | D:2      | Noticed Natasha
  1462 | D:2      | Killed Natasha
  1463 | D:2      | Reached skill level 1 in Throwing
  1463 | D:2      | Reached skill level 1 in Shields
  1556 | D:2      | Noticed Robin
  1803 | D:2      | HP: 2/52 [spore (29)]
  1803 | D:2      | Killed by an exploding hobgoblin... ignited by their inner
                  | flame

Illustrated notes

Levels and vault maps discovered:
D:1:      erik_arrival_blinker_ship, layout_basic, minmay_misc_feat_enclosed
D:2:      layout_basic, shapermc_ecumenical_altar_mp_ritualfount, uniq_natasha,
          uniq_crazy_yiuf_cottage, uniq_robin

Skill      XL: |  1  2  3  4 |
---------------+-------------+-----
Dodging        | 2 |  2.3
Armour         | 2 |  2.2
Short Blades   | 3 |  3.1
Stealth        | 1 |  1.3
Throwing       | 1 |  1.1
Shields        | 1 |  1.1
Fighting       | |  3.4

Action                   |  1- 3 |  4- 6 || total
-------------------------+-------+-------++-------
Melee: Short sword       |    76 |    31 ||   107
       Dagger            |       |     1 ||     1
Invok: Berserk           |     1 |     1 ||     2
  Use: Scroll            |       |     4 ||     4
       Potion            |       |     3 ||     3
 Stab: Sleeping          |     1 |       ||     1
Armor: Animal skin       |    10 |    16 ||    26
       Skin              |       |    22 ||    22
Dodge: Dodged            |    46 |    53 ||    99
